[Event "Titled Tuesday Blitz November 15 Early 2022"]
[White "Figueredo Losada, Leonel"]
[Black "Matveeva, Olga"]
[WhiteFideId "3507971"]
[BlackFideId "24107018"]
[WhiteElo "2312"]
[BlackElo "2055"]
[Result "1-0"]
[Round "05"]
[TimeControl "180+1"]
[Date "2022.11.16"]
[WhiteClock "0:02:33"]
[BlackClock "0:02:08"]

1. e4 e6 2. d4 d5 3. Bd3 c5 4. exd5 Qxd5 5. Nc3 Qxd4 6. Nb5 Qe5+ 7. Ne2 Na6 8. Bf4 Qh5 9. f3 Nf6 10. Qd2 Bd7 11. O-O-O O-O-O 12. Nxa7# 1-0


[Site "https://www.chess.com"]

[Event "Titled Tuesday Blitz November 15 Early 2022"]
[White "Fiol, Fabrice"]
[Black "Fernandez Hernandez, Gerardo"]
[WhiteFideId "611670"]
[BlackFideId "2207400"]
[WhiteElo "2410"]
[BlackElo "2220"]
[Result "1-0"]
[Round "05"]
[TimeControl "180+1"]
[Date "2022.11.16"]
[WhiteClock "0:00:15"]
[BlackClock "0:00:03"]

1. e4 e6 2. Qe2 c5 3. Nf3 Nc6 4. d3 g6 5. g3 Bg7 6. Bg2 d6 7. O-O Nge7 8. Nc3 O-O 9. Nh4 Nd4 10. Qd1 f5 11. f4 Rb8 12. a4 a6 13. h3 Bd7 14. Kh2 b5 15. axb5 axb5 16. Ne2 b4 17. Nxd4 Bxd4 18. Nf3 Bg7 19. Re1 Nc6 20. exf5 gxf5 21. Ng5 Nd4 22. c3 bxc3 23. bxc3 Nb3 24. Ra7 Nxc1 25. Qxc1 Re8 26. c4 h6 27. Nf3 Rb2 28. Kh1 Bc6 29. Rxg7+ Kxg7 30. Qxb2+ Qf6 31. Qxf6+ Kxf6 32. Nd2 Bxg2+ 33. Kxg2 Ra8 34. Kf2 Ra2 35. Ke3 e5 36. Rb1 Ra3 37. Rb6 e4 38. Rxd6+ Ke7 39. Rd5 exd3 40. Rxd3 Ra1 41. Rd5 Rg1 42. Kf2 Rd1 43. Ke2 Rg1 44. Re5+ Kf6 45. Rxc5 Rxg3 46. Rc6+ Kg7 47. Nf3 Rxh3 48. c5 Rh1 49. Rd6 Rc1 50. c6 Rc2+ 51. Ke3 Rc5 52. Ne5 h5 53. Rg6+ Kh7 54. Rg5 Kh6 55. Rxf5 h4 56. Rg5 Rc3+ 57. Kd4 Rc1 58. Rg2 h3 59. Rh2 Kh5 60. Kd5 Kh4 61. Nc4 Kg3 62. Rxh3+ Kxh3 63. c7 Rd1+ 64. Kc6 1-0


[Site "https://www.chess.com"]

[Event "Titled Tuesday Blitz November 15 Early 2022"]
[White "Firouzja, Alireza"]
[Black "Willow, Jonah B"]
[WhiteFideId "12573981"]
[BlackFideId "438804"]
[WhiteElo "2903"]
[BlackElo "2300"]
[Result "1-0"]
[Round "05"]
[TimeControl "180+1"]
[Date "2022.11.15"]
[WhiteClock "0:02:10"]
[BlackClock "0:00:13"]

1. d4 Nf6 2. Bg5 e6 3. e4 h6 4. Bxf6 Qxf6 5. c3 d6 6. Bd3 Qg5 7. g3 e5 8. Nd2 g6 9. f4 Qe7 10. Ngf3 Bg7 11. dxe5 dxe5 12. f5 gxf5 13. exf5 e4 14. Bxe4 Bxf5 15. O-O Bxe4 16. Nxe4 O-O 17. Qc2 Nc6 18. Nh4 Qe5 19. Nf5 Ne7 20. Nxg7 Qxg7 21. Nf6+ Kh8 22. Rae1 Ng6 23. Qf5 Rad8 24. Re4 Rd6 25. Ne8 Qh7 26. Nxd6 cxd6 27. Qf6+ Qg7 28. Qxg7+ Kxg7 29. Rd1 d5 30. Rxd5 1-0


[Site "https://www.chess.com"]

[Event "Titled Tuesday Blitz November 15 Early 2022"]
[White "Forgacs, Attila Jr."]
[Black "Gurvich, Vitaly"]
[WhiteFideId "773654"]
[BlackFideId "24164852"]
[WhiteElo "2168"]
[BlackElo "2342"]
[Result "0-1"]
[Round "05"]
[TimeControl "180+1"]
[Date "2022.11.16"]
[WhiteClock "0:01:25"]
[BlackClock "0:01:40"]

1. e4 c6 2. d4 d5 3. Nd2 dxe4 4. Nxe4 Nf6 5. Nxf6+ exf6 6. Nf3 Bd6 7. Be3 O-O 8. Qd2 Be6 9. Bd3 Nd7 10. O-O Re8 11. c3 Nf8 12. Rfe1 Ng6 13. h3 Qd7 14. b3 Bxh3 15. gxh3 Qxh3 16. Qd1 Nh4 17. Nxh4 Bh2+ 18. Kh1 Bg3+ 19. Kg1 Qh2+ 20. Kf1 Rxe3 21. Bxh7+ Kh8 22. Qf3 Rxf3 0-1


[Site "https://www.chess.com"]

[Event "Titled Tuesday Blitz November 15 Early 2022"]
[White "Gabdrakhmanov, Azat"]
[Black "Fernandez Siles, Luis"]
[WhiteFideId "34189197"]
[BlackFideId "2209420"]
[WhiteElo "2254"]
[BlackElo "2186"]
[Result "1-0"]
[Round "05"]
[TimeControl "180+1"]
[Date "2022.11.16"]
[WhiteClock "0:01:04"]
[BlackClock "0:00:02"]

1. e4 c5 2. Nf3 Nc6 3. d4 cxd4 4. Nxd4 Nf6 5. Nc3 e5 6. Ndb5 d6 7. Bg5 a6 8. Na3 b5 9. Bxf6 gxf6 10. Nd5 f5 11. exf5 Bxf5 12. c3 Bg7 13. Nc2 Be6 14. g3 O-O 15. Bg2 f5 16. f4 Ra7 17. O-O Kh8 18. Qh5 a5 19. Rad1 b4 20. Nce3 bxc3 21. bxc3 e4 22. g4 fxg4 23. Bxe4 Bg8 24. Nf5 Bf6 25. Kh1 Raf7 26. Nh6 Rg7 27. Nxg8 Rfxg8 28. Nxf6 Qxf6 29. Bxc6 Qxc3 30. Bg2 g3 31. h3 Qf6 32. Qd5 Qh6 33. Qxd6 Rg6 34. Qe5+ R6g7 35. Rd7 Qa6 36. Rxg7 Rxg7 37. f5 1-0


[Site "https://www.chess.com"]

[Event "Titled Tuesday Blitz November 15 Early 2022"]
[White "Galchenko, Matvey"]
[Black "Kouskoutis, Georgios-Alexandros"]
[WhiteFideId "24175480"]
[BlackFideId "4234049"]
[WhiteElo "2403"]
[BlackElo "2187"]
[Result "1/2-1/2"]
[Round "05"]
[TimeControl "180+1"]
[Date "2022.11.16"]
[WhiteClock "0:00:15"]
[BlackClock "0:00:06"]

1. f4 d5 2. Nf3 Nf6 3. g3 g6 4. Bg2 Bg7 5. O-O O-O 6. d3 c5 7. Ne5 b6 8. Nc3 Bb7 9. e4 dxe4 10. dxe4 Qc8 11. Be3 Rd8 12. Qe1 Nc6 13. Nxc6 Bxc6 14. h3 Qb7 15. Bf2 e5 16. a4 exf4 17. gxf4 Nh5 18. Bh4 Re8 19. f5 Bxc3 20. Qxc3 Bxe4 21. fxg6 hxg6 22. Bxe4 Qxe4 23. Bg5 Qd5 24. Bh6 Re2 25. Rf3 Qd4+ 26. Qxd4 cxd4 27. Rd1 Rxc2 28. Rxd4 Re8 29. Kf1 Kh7 30. Bg5 Rc7 31. b4 Re5 32. Bd2 f6 33. Rd6 Kg7 34. Bc3 Rf5 35. Rxf5 gxf5 36. Bd4 Rc4 37. a5 bxa5 38. bxa5 Ra4 39. a6 Nf4 40. Bxa7 Nxh3 41. Bd4 Nf4 42. a7 Ra2 43. Rd7+ Kg6 44. Rd8 Ne6 45. Rg8+ Kf7 46. a8=Q Rxa8 47. Rxa8 Nxd4 48. Kf2 Ne6 49. Ke3 Kg6 50. Kf3 Ng5+ 51. Ke3 Ne6 52. Ra6 Ng5 53. Rb6 Nf7 54. Kf4 Ng5 55. Ra6 Nf7 56. Ra5 Ne5 57. Ra3 Nf7 58. Rg3+ Ng5 59. Rg1 Kf7 60. Kxf5 Ne6 61. Rh1 Ng7+ 62. Kg4 Kg6 63. Re1 Kf7 64. Ra1 Kg6 65. Ra6 Kf7 66. Ra7+ Kg6 67. Rb7 Ne6 68. Ra7 f5+ 69. Kf3 Kf6 70. Ra6 Ke5 71. Ra5+ Kf6 72. Ke3 Kg6 73. Kd3 Kf6 74. Kc4 Kg5 75. Kd3 Kg4 76. Ke3 f4+ 77. Kf2 Ng5 78. Ra4 Nh3+ 79. Kg2 Ng5 80. Rb4 Nh3 81. Rb8 Ng5 82. Rg8 Kf5 83. Rf8+ Kg4 84. Rg8 Kf5 85. Rg7 Kg4 86. Kf2 Kf5 87. Ra7 Kg4 88. Ra5 Ne4+ 89. Ke2 Ng3+ 90. Kd3 Kf3 91. Ra2 Ne4 92. Ra8 Nf2+ 93. Kd2 Ne4+ 94. Ke1 Ng3 95. Ra3+ Kg2 96. Ra2+ Kf3 97. Rf2+ Kg4 98. Rg2 Kf3 99. Rf2+ Kg4 100. Kd1 Ne4 101. Ra2 Kf3 102. Ra3+ Kg2 103. Ra2+ Kg3 104. Ke1 f3 105. Kf1 Kf4 106. Ra4 Ke3 107. Ra3+ Kf4 108. Kg1 Kg3 109. Rb3 Nd2 110. Rd3 Ne4 111. Ra3 Kf4 112. Kf1 Ng3+ 113. Ke1 Ne4 114. Ra4 Ke3 115. Ra3+ Kf4 116. Kf1 Kg3 117. Rd3 Kf4 118. Kg1 Ng3 119. Rd8 Ne4 120. Ra8 Ke3 121. Ra3+ Ke2 122. Ra2+ Nd2 123. Rxd2+ Kxd2 124. Kf2 Kd3 125. Kxf3 1/2-1/2


[Site "https://www.chess.com"]

[Event "Titled Tuesday Blitz November 15 Early 2022"]
[White "Garcia Ramos, Daniel"]
[Black "Baches Garcia, Guillermo"]
[WhiteFideId "32010311"]
[BlackFideId "2209764"]
[WhiteElo "2357"]
[BlackElo "2440"]
[Result "1-0"]
[Round "05"]
[TimeControl "180+1"]
[Date "2022.11.16"]
[WhiteClock "0:00:03"]
[BlackClock "0:00:09"]

1. e4 c5 2. Nf3 d6 3. d4 cxd4 4. Nxd4 Nf6 5. f3 e5 6. Nb3 a5 7. a4 d5 8. Bg5 d4 9. c3 Nc6 10. Bb5 h6 11. Bh4 Be7 12. O-O O-O 13. Bf2 dxc3 14. Nxc3 Be6 15. Nc5 Bxc5 16. Bxc5 Qxd1 17. Rfxd1 Rfd8 18. Kf2 Nd4 19. Bb6 Rdc8 20. Bxd4 exd4 21. Rxd4 Rc5 22. Rad1 g5 23. Rd8+ Rxd8 24. Rxd8+ Kg7 25. Ke3 h5 26. Ra8 h4 27. h3 Nh5 28. Rxa5 Nf4 29. Kf2 Rc8 30. e5 Rd8 31. Ne4 Kg6 32. Be2 Rc8 33. Rc5 Rd8 34. b4 Rd4 35. Rb5 Bc4 36. Rb6+ Kg7 37. Bxc4 Rxc4 38. Rxb7 Rc2+ 39. Ke3 Rxg2 40. Nd6 Ra2 41. Rxf7+ Kg6 42. Rf6+ Kg7 43. a5 Nd5+ 44. Kd4 Nxf6 45. exf6+ Kxf6 46. Kc5 Ke6 47. Ne4 Kd7 48. Kb6 Rh2 49. Nxg5 Rb2 50. b5 Kd6 51. a6 Rc2 52. a7 Rc8 53. Ne4+ Kd7 54. Kb7 Rc7+ 55. Kb6 Rc8 56. Ka6 Kc7 57. b6+ Kc6 58. b7 Rc7 59. b8=Q Rxa7+ 60. Kxa7 1-0


[Site "https://www.chess.com"]

[Event "Titled Tuesday Blitz November 15 Early 2022"]
[White "Garv Gaur"]
[Black "Kula, Robert"]
[WhiteFideId "45030839"]
[BlackFideId "1101218"]
[WhiteElo "1960"]
[BlackElo "2184"]
[Result "0-1"]
[Round "05"]
[TimeControl "180+1"]
[Date "2022.11.16"]
[WhiteClock "0:00:02"]
[BlackClock "0:01:14"]

1. d4 d5 2. c4 c6 3. Nf3 Nf6 4. g3 Bf5 5. Nc3 e6 6. Nh4 Bg6 7. Nxg6 hxg6 8. Qd3 Nbd7 9. Bg2 Bd6 10. O-O Qc7 11. c5 Be7 12. Bf4 Qd8 13. b4 a6 14. a4 Nh5 15. Bd2 e5 16. e3 e4 17. Qe2 f5 18. b5 axb5 19. axb5 O-O 20. f3 Ndf6 21. fxe4 Rxa1 22. Rxa1 Nxe4 23. bxc6 bxc6 24. Nxe4 fxe4 25. Bh3 Kh7 26. Rf1 Rxf1+ 27. Qxf1 Bg5 28. Qf7 Nf6 29. Qb7 Qe8 30. Qc8 Qe7 31. Be6 Qa7 32. Qxc6 Qa1+ 33. Kf2 Qd1 34. Qb5 Qxd2+ 35. Qe2 Bxe3+ 36. Kf1 Qc1+ 37. Qe1 Qxe1+ 38. Kxe1 Bxd4 39. c6 Be5 40. g4 g5 41. h4 Kh6 42. h5 d4 43. Bf5 Bc7 44. Kd2 Ba5+ 45. Kd1 d3 46. Kc1 Nxg4 47. Bxg4 e3 48. c7 Bxc7 49. Bf5 e2 50. Kd2 Ba5+ 0-1


[Site "https://www.chess.com"]

[Event "Titled Tuesday Blitz November 15 Early 2022"]
[White "Gerbelli Neto, Eduardo"]
[Black "Rios Escobar, Adan"]
[WhiteFideId "2103281"]
[BlackFideId "3403645"]
[WhiteElo "2178"]
[BlackElo "2350"]
[Result "1-0"]
[Round "05"]
[TimeControl "180+1"]
[Date "2022.11.16"]
[WhiteClock "0:01:26"]
[BlackClock "0:00:02"]

1. e4 c5 2. Nc3 d6 3. f4 Nc6 4. Nf3 g6 5. Bc4 e6 6. d3 Bg7 7. O-O Nge7 8. Qe1 Nd4 9. Bb3 Nxb3 10. axb3 b6 11. e5 d5 12. d4 Bb7 13. Nb5 O-O 14. Nd6 Qc7 15. c3 a6 16. Be3 Nc8 17. Nxb7 Qxb7 18. dxc5 Rd8 19. cxb6 Nxb6 20. Qf2 Nd7 21. b4 Bf8 22. Nd4 Rdc8 23. g4 Rab8 24. Qg3 Nb6 25. f5 exf5 26. gxf5 Nc4 27. Bf4 Re8 28. e6 fxe6 29. Bxb8 e5 30. fxg6 1-0


[Site "https://www.chess.com"]

[Event "Titled Tuesday Blitz November 15 Early 2022"]
[White "Gjestemoen-VonHirsch, Andre"]
[Black "Oro, Faustino"]
[WhiteFideId "1539531"]
[BlackFideId "20000197"]
[WhiteElo "2198"]
[BlackElo "2066"]
[Result "0-1"]
[Round "05"]
[TimeControl "180+1"]
[Date "2022.11.16"]
[WhiteClock "0:00:08"]
[BlackClock "0:00:08"]

1. b3 Nf6 2. Bb2 d5 3. e3 g6 4. Nf3 Bg7 5. c4 c6 6. Be2 O-O 7. O-O Bg4 8. h3 Bxf3 9. Bxf3 e6 10. Qc2 Nbd7 11. d4 Re8 12. Nc3 Qe7 13. e4 dxe4 14. Nxe4 Nxe4 15. Bxe4 Rad8 16. Rad1 Qh4 17. Bf3 Nf6 18. Rfe1 Nd7 19. Qc3 c5 20. Qa5 cxd4 21. Qxa7 Ne5 22. Bxb7 Qg5 23. Rxd4 Rxd4 24. Qxd4 Nf3+ 25. Bxf3 Bxd4 26. Bxd4 Qd2 27. Rd1 Qxa2 28. Rd3 e5 29. Bc3 Qb1+ 30. Rd1 Qxb3 31. Ba1 Qxc4 32. Re1 e4 33. Be2 Qb4 34. Kf1 Rd8 35. Bf6 Rc8 36. Bg5 Qc5 37. Be3 Qe5 38. g3 f5 39. Bf4 Qc3 40. Be3 Kf7 41. h4 h5 42. Rc1 Qxc1+ 43. Bxc1 Rxc1+ 44. Kg2 Kf6 45. Bb5 Ke5 46. Be8 Kf6 47. Bb5 Rc7 48. Ba4 g5 49. hxg5+ Kxg5 50. Bd1 h4 51. gxh4+ Kxh4 52. Ba4 Rc3 53. Bd7 Kg5 54. Kf1 f4 55. Ke2 Kf6 56. Bh3 Rxh3 0-1


[Site "https://www.chess.com"]

[Event "Titled Tuesday Blitz November 15 Early 2022"]
[White "Godzwon, Iwo"]
[Black "Malka, Samuel"]
[WhiteFideId "21802483"]
[BlackFideId "20643675"]
[WhiteElo "2284"]
[BlackElo "2461"]
[Result "0-1"]
[Round "05"]
[TimeControl "180+1"]
[Date "2022.11.16"]
[WhiteClock "0:00:10"]
[BlackClock "0:00:06"]

1. e4 c5 2. Nf3 Nc6 3. d4 cxd4 4. Nxd4 Nf6 5. Nc3 e5 6. Ndb5 d6 7. Bg5 a6 8. Bxf6 gxf6 9. Na3 b5 10. Nd5 Bg7 11. g3 f5 12. Bg2 fxe4 13. Bxe4 Be6 14. Qh5 Rc8 15. c3 Ne7 16. Rd1 Nxd5 17. Bxd5 O-O 18. O-O Rc5 19. Bxe6 fxe6 20. Rd2 d5 21. Nc2 Qe8 22. Qg4 Qg6 23. Qxg6 hxg6 24. Nb4 a5 25. Nd3 Rc4 26. Re2 e4 27. Nf4 Rxf4 28. gxf4 b4 29. cxb4 axb4 30. f3 e3 31. Rd1 d4 32. Kg2 Kf7 33. Kg3 Bf6 34. Kg4 Rc8 35. Kg3 Rc4 36. Kg2 Rc8 37. Rd3 Ra8 38. Rb3 Rxa2 39. Rxb4 Ra1 40. Rb7+ Be7 41. Rd7 Rd1 42. b3 Kf6 43. Kg3 Bc5 44. Rxe3 dxe3 45. Rxd1 Bb4 46. Rd4 e2 47. Re4 e1=Q+ 48. Rxe1 Bxe1+ 49. Kg4 Bb4 50. h4 Bd2 51. Kg3 Be1+ 52. Kg4 Bd2 53. Kg3 Kf5 54. Kf2 Bxf4 55. Ke2 Bd6 56. Kd3 Bb4 57. Kd4 Kf4 58. Kc4 Bd6 59. b4 Bxb4 60. Kxb4 Kxf3 61. Kc4 e5 62. Kd5 e4 63. Kd4 e3 64. Kd3 e2 65. Kd2 Kf2 66. h5 e1=Q+ 0-1


[Site "https://www.chess.com"]

[Event "Titled Tuesday Blitz November 15 Early 2022"]
[White "Goh, Zi Han"]
[Black "Koridze, Lile"]
[WhiteFideId "5819156"]
[BlackFideId "13612514"]
[WhiteElo "2026"]
[BlackElo "2050"]
[Result "1-0"]
[Round "05"]
[TimeControl "180+1"]
[Date "2022.11.16"]
[WhiteClock "0:00:30"]
[BlackClock "0:00:05"]

1. d4 Nf6 2. c4 e6 3. Nc3 Bb4 4. Nf3 O-O 5. Bg5 d5 6. cxd5 exd5 7. e3 c6 8. Bd3 Qa5 9. O-O Bxc3 10. bxc3 Ne4 11. Bf4 Qxc3 12. Rc1 Qa5 13. Bxe4 dxe4 14. Nd2 Bf5 15. Kh1 Qxa2 16. g4 Bg6 17. h4 h6 18. h5 Bh7 19. Rg1 Nd7 20. g5 hxg5 21. Rxg5 Qe6 22. Qf1 f6 23. Rg3 Rf7 24. Qg2 Kh8 25. Rg1 Rg8 26. Rg6 Qf5 27. Qh2 Re8 28. h6 gxh6 29. Qxh6 b5 30. Rg7 Qh3+ 31. Qxh3 Rxg7 32. Rxg7 Kxg7 33. Qxd7+ 1-0


[Site "https://www.chess.com"]

[Event "Titled Tuesday Blitz November 15 Early 2022"]
[White "Gokerkan, Cem Kaan"]
[Black "Zivkovic, Nemanja"]
[WhiteFideId "6336760"]
[BlackFideId "942154"]
[WhiteElo "2849"]
[BlackElo "2670"]
[Result "0-1"]
[Round "05"]
[TimeControl "180+1"]
[Date "2022.11.16"]
[WhiteClock "0:00:13"]
[BlackClock "0:00:22"]

1. e4 c5 2. c3 Nf6 3. e5 Nd5 4. d4 cxd4 5. Bc4 Nb6 6. Bb3 d6 7. Nf3 Nc6 8. exd6 Qxd6 9. cxd4 Be6 10. O-O Bxb3 11. Qxb3 e6 12. Nc3 Be7 13. Rd1 Qb4 14. d5 Qxb3 15. axb3 Nxd5 16. Nxd5 exd5 17. Rxd5 O-O 18. Be3 Rfd8 19. Rb5 Rd7 20. g4 f6 21. h4 Kf7 22. h5 a6 23. Rf5 Rd3 24. b4 Bxb4 25. Rc1 Be7 26. Kg2 Rad8 27. Bb6 R8d5 28. Ng5+ Kg8 29. Ne6 Rxf5 30. gxf5 Rd5 31. h6 gxh6 32. Be3 Rxf5 33. Rd1 Kf7 34. Nc7 h5 35. Rd7 Ne5 36. Rd1 Ng4 37. Ba7 Rg5 38. Kh3 Rf5 39. Kg2 Kg6 40. Rd7 Bb4 41. Nd5 Bf8 42. Rd8 Kf7 43. Rd7+ Ke6 44. Nb6 Bc5 45. Rxb7 Rxf2+ 46. Kg3 Bd6+ 47. Kh3 Rh2# 0-1


[Site "https://www.chess.com"]

[Event "Titled Tuesday Blitz November 15 Early 2022"]
[White "Goltsev, Dmitry"]
[Black "Aggelis, Nikolaos"]
[WhiteFideId "24176710"]
[BlackFideId "4213220"]
[WhiteElo "2289"]
[BlackElo "2189"]
[Result "1-0"]
[Round "05"]
[TimeControl "180+1"]
[Date "2022.11.16"]
[WhiteClock "0:00:31"]
[BlackClock "0:00:04"]

1. e4 d5 2. exd5 Qxd5 3. Nf3 Bg4 4. Be2 Bxf3 5. Bxf3 Qe5+ 6. Qe2 Qxe2+ 7. Kxe2 c6 8. c3 e6 9. d4 Nf6 10. Bf4 Kd7 11. Nd2 Bd6 12. Be3 Ke7 13. Rad1 Nbd7 14. Nc4 Bc7 15. a4 Nb6 16. Na5 Nxa4 17. Nxb7 Rab8 18. Bxc6 Nxb2 19. Ra1 Rhc8 20. Rhb1 Bb6 21. Bf3 Nc4 22. Bf4 Bc7 23. Bxc7 Rxc7 24. Rxa7 Nd5 25. Bxd5 exd5 26. Nc5 Rxa7 27. Rxb8 Ra2+ 28. Ke1 Ra1+ 29. Ke2 Ra2+ 30. Kf3 Rc2 31. Rb7+ Kf6 32. Nd7+ Kg6 33. Nf8+ Kh6 34. Rxf7 Rxc3+ 35. Kf4 Rd3 36. Ne6 Rd2 37. Kg3 Rd3+ 38. f3 Rd2 39. Nxg7 Ne3 40. Ne6 Nxg2 41. h4 Ne3 42. Nf8 Nf1+ 43. Kh3 Rh2+ 44. Kg4 Rg2+ 45. Kf5 Rg7 46. Rf6+ Kh5 47. Ne6 Rd7 48. Kf4 Nd2 49. Ng5 h6 50. Nf7 Rxf7 51. Rxf7 Kg6 52. Rf5 Nb3 53. Rxd5 h5 54. Rd6+ Kf7 55. Kg5 Nd2 56. Kxh5 Nxf3 57. Kg4 Nd2 58. h5 Ne4 59. Ra6 Nf6+ 60. Rxf6+ Kxf6 61. d5 1-0


[Site "https://www.chess.com"]

[Event "Titled Tuesday Blitz November 15 Early 2022"]
[White "Goltseva, Ekaterina"]
[Black "Pein, Jonathan"]
[WhiteFideId "24173770"]
[BlackFideId "417092"]
[WhiteElo "2200"]
[BlackElo "2227"]
[Result "0-1"]
[Round "05"]
[TimeControl "180+1"]
[Date "2022.11.16"]
[WhiteClock "0:00:22"]
[BlackClock "0:00:35"]

1. d4 e6 2. Nf3 f5 3. c4 Nf6 4. Nc3 Bb4 5. Qc2 O-O 6. Bd2 b6 7. e3 Bb7 8. Be2 d6 9. O-O Nbd7 10. a3 Bxc3 11. Bxc3 Ne4 12. Be1 Qe8 13. Nd2 Qg6 14. f3 Ng5 15. Kh1 Qh6 16. Bf2 Nf6 17. c5 dxc5 18. dxc5 Bd5 19. Bc4 c6 20. Rae1 Qh5 21. Bg3 Rac8 22. b4 b5 23. Bb3 Qf7 24. e4 Bxb3 25. Qxb3 Nh5 26. Bd6 Rfe8 27. exf5 exf5 28. h4 Qxb3 29. Nxb3 Nf7 30. Nd4 Nxd6 31. cxd6 Ng3+ 32. Kg1 Red8 33. Rf2 Rxd6 34. Ne6 Re8 35. Kh2 Nh5 36. Rfe2 h6 37. Nc5 Rxe2 38. Rxe2 Kf7 39. g4 fxg4 40. fxg4 Nf6 41. Kg3 Rd4 42. g5 hxg5 43. hxg5 Rg4+ 44. Kf3 Rxg5 45. Rd2 Rd5 46. Re2 g5 47. Kg3 Kg6 48. Rf2 Rxc5 49. bxc5 Ne4+ 50. Kf3 Nxf2 51. Kxf2 Kf5 52. Kf3 Ke5 53. Kg3 Kd5 54. Kg4 Kxc5 55. Kxg5 Kc4 56. Kf6 Kb3 57. Ke7 Kxa3 58. Kd7 c5 59. Kc7 b4 60. Kb7 c4 61. Ka6 b3 62. Kxa7 Kb4 63. Kb7 c3 64. Kc7 c2 65. Kb6 b2 66. Ka6 c1=Q 67. Kb6 Qg5 68. Kb7 Qh6 69. Ka7 Kb5 70. Ka8 Kb6 71. Kb8 Qh8# 0-1


[Site "https://www.chess.com"]

[Event "Titled Tuesday Blitz November 15 Early 2022"]
[White "Golubev, Mikhail"]
[Black "Georg, Heinz"]
[WhiteFideId "14100983"]
[BlackFideId "4607295"]
[WhiteElo "2374"]
[BlackElo "2322"]
[Result "0-1"]
[Round "05"]
[TimeControl "180+1"]
[Date "2022.11.16"]
[WhiteClock "0:00:01"]
[BlackClock "0:00:09"]

1. e4 e5 2. d4 exd4 3. Qxd4 Nc6 4. Qd3 g6 5. Nc3 Bg7 6. Bf4 d6 7. O-O-O Nge7 8. h4 h5 9. Nf3 Bg4 10. Be2 Qd7 11. Qd2 a6 12. Nd5 Nxd5 13. exd5 Ne7 14. Rhe1 O-O 15. Bh6 Bxh6 16. Qxh6 Nf5 17. Qf4 Rfe8 18. g3 Re7 19. Bd3 Rae8 20. Rxe7 Rxe7 21. Rg1 Qe8 22. Kd2 c6 23. Nd4 Nxd4 24. Qxd4 c5 25. Qf4 c4 26. Qxc4 b5 27. Qf4 Qd8 28. Kc1 Qa5 29. Kb1 Re1+ 30. Rxe1 Qxe1+ 31. Qc1 Qxf2 32. a3 Qxg3 33. Qg5 Qe1+ 34. Ka2 Qe5 35. Qxe5 dxe5 36. c4 bxc4 37. Bxc4 e4 38. Bxa6 e3 39. d6 Bd7 40. Kb1 f5 41. Kc1 f4 0-1


[Site "https://www.chess.com"]

[Event "Titled Tuesday Blitz November 15 Early 2022"]
[White "Gonzalez, Francisco Silva"]
[Black "Dehtiarov, Roman"]
[WhiteFideId "1512285"]
[BlackFideId "14186640"]
[WhiteElo "2159"]
[BlackElo "2200"]
[Result "0-1"]
[Round "05"]
[TimeControl "180+1"]
[Date "2022.11.16"]
[WhiteClock "0:01:00"]
[BlackClock "0:01:30"]

1. d4 Nf6 2. c4 e6 3. Nc3 Bb4 4. a3 Bxc3+ 5. bxc3 b6 6. e3 Ba6 7. Bd3 d6 8. e4 O-O 9. Nf3 Nc6 10. Bg5 h6 11. Be3 Na5 12. Nd2 c5 13. f4 e5 14. fxe5 dxe5 15. d5 Ne8 16. Qh5 Nd6 17. Qxe5 Naxc4 18. Bxc4 Nxc4 19. Nxc4 Bxc4 20. Rd1 Re8 21. Qf5 Qh4+ 22. g3 Qxe4 23. Qxe4 Rxe4 24. Kf2 Rd8 25. d6 Re6 26. a4 Rf6+ 27. Kg2 Be2 28. Bf4 Bxd1 29. Rxd1 g5 30. Be5 Re6 31. Rd4 Kh7 32. Rf4 gxf4 33. Bf6 Rxf6 0-1


[Site "https://www.chess.com"]

[Event "Titled Tuesday Blitz November 15 Early 2022"]
[White "Gorodetzky, David"]
[Black "Sipila, Vilka"]
[WhiteFideId "2813416"]
[BlackFideId "505455"]
[WhiteElo "2497"]
[BlackElo "2347"]
[Result "1-0"]
[Round "05"]
[TimeControl "180+1"]
[Date "2022.11.15"]
[WhiteClock "0:00:10"]
[BlackClock "0:00:08"]

1. c4 Nf6 2. Nc3 g6 3. e4 d6 4. d4 Bg7 5. Be2 O-O 6. Be3 c5 7. d5 e6 8. Nf3 exd5 9. cxd5 Bg4 10. Nd2 Bxe2 11. Qxe2 Na6 12. O-O Nc7 13. a4 b6 14. Kh1 a6 15. Nc4 Rb8 16. Bf4 b5 17. axb5 axb5 18. Nxd6 Nh5 19. Qf3 Qf6 20. Nf5 Nxf4 21. Qxf4 gxf5 22. Qxc7 b4 23. Na4 fxe4 24. Rae1 Rfc8 25. Qg3 Qa6 26. b3 c4 27. d6 cxb3 28. d7 Rd8 29. Nc5 Qg6 30. Qxb3 Bd4 31. Nxe4 Rxd7 32. f3 Kg7 33. Rd1 Rbb7 34. Rd3 Qa6 35. Rfd1 Be5 36. g3 Rxd3 37. Rxd3 Rc7 38. Kg2 Rc1 39. Qd5 Qe6 40. Qxe6 fxe6 41. Rd7+ Kg6 42. Rb7 Rc2+ 43. Kh3 Rc4 44. Rb6 Kf5 45. Rb5 h5 46. Nd6+ 1-0


[Site "https://www.chess.com"]

[Event "Titled Tuesday Blitz November 15 Early 2022"]
[White "Gubajdullin, Alexei"]
[Black "Nguyen, Thai Dai Van"]
[WhiteFideId "4141202"]
[BlackFideId "358878"]
[WhiteElo "2230"]
[BlackElo "2534"]
[Result "0-1"]
[Round "05"]
[TimeControl "180+1"]
[Date "2022.11.16"]
[WhiteClock "0:00:06"]
[BlackClock "0:00:25"]

1. d4 Nf6 2. Nf3 d5 3. Bf4 c5 4. e3 Nc6 5. Nbd2 cxd4 6. exd4 a6 7. c3 Bf5 8. a4 e6 9. Qb3 Na5 10. Qa2 Bd6 11. Bxd6 Qxd6 12. Ne5 O-O 13. Bd3 Nc6 14. Bxf5 Nxe5 15. Bc2 Ng6 16. O-O e5 17. Bxg6 hxg6 18. dxe5 Qxe5 19. Nf3 Qf4 20. Qb3 g5 21. Qxb7 Rfb8 22. Qc6 Rc8 23. Qb6 Rcb8 24. Qd4 Rxb2 25. Rfb1 Rab8 26. Rxb2 Rxb2 27. Qxf4 gxf4 28. Ng5 Ng4 29. Re1 Ne5 30. g3 f3 31. h4 f6 32. Ne6 Rc2 33. Nc7 Rxc3 34. Nxa6 d4 35. Rd1 d3 36. Nb4 Ra3 37. h5 Kh7 38. a5 Kh6 39. a6 Kxh5 40. Kf1 Ra4 41. Rb1 d2 42. Nd5 Rxa6 43. Rd1 Nc4 44. Ne3 Nxe3+ 45. fxe3 Rd6 46. Kf2 Kg4 47. e4 Rd3 48. Kf1 Kxg3 49. Kg1 Re3 50. Kf1 Re1+ 51. Rxe1 dxe1=Q+ 52. Kxe1 Kg2 53. e5 f2+ 54. Kd2 f1=Q 55. e6 Qf2+ 56. Kc3 Qa7 57. e7 Qxe7 58. Kd4 g5 59. Kd5 f5 60. Kd4 f4 61. Kd3 f3 62. Kc4 f2 63. Kd5 Qe1 64. Kd4 f1=Q 65. Kd5 Qff2 66. Kc6 Qfd2 67. Kb5 Qc2 68. Kb6 Qeb1+ 0-1


[Site "https://www.chess.com"]

[Event "Titled Tuesday Blitz November 15 Early 2022"]
[White "Gurel, Ediz"]
[Black "Ravot, Sylvain"]
[WhiteFideId "44507356"]
[BlackFideId "627763"]
[WhiteElo "2345"]
[BlackElo "2195"]
[Result "1-0"]
[Round "05"]
[TimeControl "180+1"]
[Date "2022.11.16"]
[WhiteClock "0:00:35"]
[BlackClock "0:00:02"]

1. Nf3 d5 2. g3 Nf6 3. Bg2 c6 4. O-O Bf5 5. c4 e6 6. d4 Nbd7 7. b3 h6 8. Bb2 Be7 9. Nbd2 O-O 10. Rc1 a5 11. a3 Ne4 12. Nxe4 Bxe4 13. Qd2 Qb6 14. Qc3 a4 15. b4 dxc4 16. Qxc4 Bd5 17. Qc2 Nf6 18. Ne5 Bxg2 19. Kxg2 Rfd8 20. Rfd1 Nd7 21. Nc4 Qb5 22. e4 Nb6 23. Nxb6 Qxb6 24. Qc4 Qa6 25. Rd3 Qxc4 26. Rxc4 Rd7 27. Rc1 Bf6 28. Rcd1 Rad8 29. Kf1 Kf8 30. Ke2 h5 31. Bc3 b5 32. f4 g6 33. h3 Bg7 34. Kf3 Ke8 35. g4 hxg4+ 36. hxg4 Kf8 37. Rh1 Kg8 38. Ke2 Kf8 39. e5 Kg8 40. Rdh3 Rc8 41. Ke3 Rdd8 42. Ke4 Rd7 43. f5 exf5+ 44. gxf5 gxf5+ 45. Kxf5 Re8 46. Rg1 Kf8 47. Rh7 f6 48. exf6 Rd5+ 49. Kg6 Bxf6 50. Rf7+ Kg8 51. Kxf6+ Kh8 52. Rh1+ Kg8 53. Rg7+ Kf8 54. Rh8# 1-0


[Site "https://www.chess.com"]